 Dungeon Crawl Stone Soup version 0.31-a0-217-g58bb5d79cf (webtiles) character file.

Game seed: 4896201117336974031

34 qw the Shooter (level 3, -1/21 HPs)
             Began as a Gargoyle Hexslinger on July 2, 2023.
             Slain by Grinder (4 damage)
             ... while paralysed by Grinder
             ... on level 3 of the Dungeon.
             The game lasted 00:00:26 (936 turns).

qw the Shooter (Gargoyle Hexslinger)                 Turns: 936, Time: 00:00:27

Health: -1/21      AC:  8    Str: 11    XL:     3   Next: 31%
Magic:  4/4        EV:  2    Int: 13    God:
Gold:   78         SH:  0    Dex: 14    Spells: 3/4 levels left

rFire   . . .        Y - +2 sling
rCold   . . .        (no shield)
rNeg    + . .        h - +0 ring mail
rPois   inf          (no helmet)
rElec   +            (no cloak)
rCorr   .            (no gloves)
SInv    .            (no boots)
Will    .....        g - amulet of reflection
Stlth   +            (no ring)
HPRegen 0.23/turn    (no ring)
MPRegen 0.09/turn

%: reflection
@: paralysed
A: sickness immunity, AC +3, negative energy resistance 1, electricity
resistance, torment resistance 1, petrification resistance
a: no special abilities


You were on level 3 of the Dungeon.
You visited 1 branch of the dungeon, and saw 3 of its levels.

You collected 78 gold pieces.


Innate Abilities, Weirdness & Mutations

You are immune to sickness and miasma.
Your stone body is resilient. (AC +3)
You are immune to poison.
You resist negative energy. (rN+)
You are resistant to electric shocks. (rElec)
You are resistant to unholy torment.
You are immune to petrification.


   Skills:
 - Level 2.2 Fighting
 + Level 3.1 Ranged Weapons
 - Level 1.5 Dodging
 - Level 1.0 Spellcasting
 - Level 2.6 Hexes


You had 3 spell levels left.
You knew the following spells:

 Your Spells              Type           Power      Damage    Failure   Level
a - Slow                  Hex            28%        N/A       22%         1

Your spell library contained the following spells:

 Spells                   Type           Power      Damage    Failure   Level
 Inner Flame              Hex/Fire       4%         N/A       75%         3
 Portal Projectile        Hex/Tloc       8%         N/A       75%         3
 Cause Fear               Hex            3%         N/A       92%         4

Inventory:

Hand Weapons
 Y - a +2 sling (weapon)
Armour
 h - a +0 ring mail (worn)
Jewellery
 g - an amulet of reflection (around neck)
Potions
 a - a potion of curing {unknown}
 d - a potion of resistance {unknown}
 e - a potion of enlightenment {unknown}
 f - a potion of haste {unknown}
 j - a potion of heal wounds {unknown}

Dungeon Overview and Level Annotations

Branches:
Dungeon (3/15)

Altars:

Annotations:
D:3 Grinder


Message History

You shoot a sling bullet. The sling bullet hits Grinder.
Grinder is heavily wounded.
You shoot a sling bullet. The sling bullet hits Grinder.
Grinder is severely wounded.
You shoot a sling bullet. The sling bullet hits Grinder.
Grinder is severely wounded.
Grinder gestures at you. You resist with significant effort.
You shoot a sling bullet. The sling bullet hits Grinder.
Grinder is severely wounded.
You shoot a sling bullet.
The sling bullet closely misses Grinder.
Grinder closely misses you.
You shoot a sling bullet.
The sling bullet closely misses Grinder.
Grinder hits you.
You shoot a sling bullet.
The sling bullet closely misses Grinder.
Grinder hits you!
You writhe in agony.
Grinder blinks!
You shoot a sling bullet.
The sling bullet closely misses Grinder.
You shoot a sling bullet. The sling bullet hits Grinder.
Grinder is almost dead.
You shoot a sling bullet.
The sling bullet closely misses Grinder.
Grinder gestures at you. Pain shoots through your body!
Grinder barely misses you.
You shoot a sling bullet.
The sling bullet hits Grinder but does no damage.
Grinder is almost dead.
Grinder hits you but does no damage.
You shoot a sling bullet.
The sling bullet closely misses Grinder.
Grinder gestures at you.
You suddenly lose the ability to move!
Grinder hits you.
Grinder says, "You look like you could use a good racking."
Grinder hits you. Grinder hits you but does no damage. Grinder hits you.
You die...

#.. . .
#.####+#.##
..........#
........#.#
..........#
........5.#
..>.....@<#
........###
.........
........##
#........
#..######
#.. #.


You could see Grinder.

Vanquished Creatures
  An adder (D:2)
  2 worms (D:2)
  An endoplasm (D:1)
  3 giant cockroaches
  4 goblins
  2 quokkas
  A bat (D:1)
  A frilled lizard (D:1)
  3 rats
18 creatures vanquished.

Notes
Turn   | Place    | Note
-------+----------+-------------------------------------------
     0 | D:1      | qw the Gargoyle Hexslinger began the quest for the Orb.
     0 | D:1      | Reached XP level 1. HP: 12/12 MP: 2/2
     0 | D:1      | 0 ||| qw: Version: 0.3-a-40-ge99b1a8
     0 | D:1      | 0 ||| qw: Game counter: 8034
     0 | D:1      | 0 ||| qw: Melee chars always use a shield: true
     0 | D:1      | 0 ||| qw: God list: Okawaru
     0 | D:1      | 0 ||| qw: Allow faded altars: false
     0 | D:1      | 0 ||| qw: Do Orc after clearing Dungeon:15 true
     0 | D:1      | 0 ||| qw: Do second Lair branch before Depths: true
     0 | D:1      | 0 ||| qw: Lair rune preference: random
     0 | D:1      | 0 ||| qw: Goals: Normal
     0 | D:1      | 0 ||| PLANNING D:1-11
   141 | D:1      | Reached XP level 2. HP: 16/16 MP: 3/3
   386 | D:1      | 386 ||| UPGRADING to amulet of reflection.
   391 | D:1      | 391 ||| READING scroll labelled FIS ECULONEJ.
   392 | D:1      | 392 ||| READING scroll labelled HAMINU IMOPP.
   393 | D:1      | 393 ||| DROPPING scroll of poison.
   443 | D:2      | Reached skill level 3 in Ranged Weapons
   708 | D:2      | Reached XP level 3. HP: 20/21 MP: 4/4
   827 | D:2      | 827 ||| UPGRADING to +0 ring mail.
   837 | D:2      | 837 ||| DROPPING +0 robe.
   838 | D:2      | 838 ||| READING scroll labelled SIBREDD VUDERPH.
   839 | D:2      | 839 ||| READING scroll labelled XODUIM FAOMO.
   840 | D:2      | 840 ||| READING scroll labelled VEANNI BIBLOPN.
   849 | D:3      | Noticed Grinder
   855 | D:3      | 855 ||| STAIRDANCE
   871 | D:3      | Paralysed by Grinder for 4 turns
   882 | D:3      | 882 ||| FLEEEEING.
   883 | D:3      | 883 ||| FLEEEEING.
   884 | D:3      | 884 ||| STAIRDANCE
   900 | D:3      | 900 ||| STAIRDANCE
   933 | D:3      | Paralysed by Grinder for 5 turns
   934 | D:3      | HP: 2/21 [Grinder (4)]
   936 | D:3      | Slain by Grinder

Levels and vault maps discovered:
D:1:      dpeg_arrival_tiny_g, layout_rooms
D:2:      layout_basic, minivault_19
D:3:      layout_basic, nicolae_overflow_ecumenical_swirl, elyvilon_altar_5,
          shapermc_ecumenical_altar_mp_urbaneastern, uniq_ijyb, uniq_natasha,
          uniq_grinder

Skill      XL: |  1  2  3 |
---------------+----------+-----
Ranged Weapons | 3 |  3.1
Fighting       | 2 |  2.2
Dodging        | |  1.5
Spellcasting   | |  1.0
Hexes          | |  2.6

Action                     || total
---------------------------++-------
   Fire: Sling             ||    97
    Use: Scroll            ||     5
 Armour: Robe              ||     8
         Ring mail         ||     2
  Dodge: Dodged            ||    28
  Block: Other             ||     2

Table legend:
 A = Non-vault XP
 B = Vault XP
 C = Vault XP percentage of total XP
 D = Non-vault monster count
 E = Vault monster count
 F = Vault count percentage of total count
                 A         B        C        D         E       F
            +---------+---------+-------+---------+---------+-------
      Total |      49 |       0 |   0.0 |      18 |       0 |   0.0
            +---------+---------+-------+---------+---------+-------
        D:1 |      14 |       0 |   0.0 |       9 |       0 |   0.0
        D:2 |      35 |       0 |   0.0 |       9 |       0 |   0.0
            +---------+---------+-------+---------+---------+-------
